ESL (28 & UNDER)
SPRINGFIELD SIMPSONS @ READING RAINBOWS
05/30/2026
 
TOP OF THE 1ST
Springfield Simpsons batting - Pitching for Reading Rainbows : LHP Armando Rodríguez
Pitching: LHP Armando Rodríguez
Batting: RHB Nick Harris 0-0: Called Strike
0-1: SINGLE (Groundball, 56D)
Batting: RHB Ken McDonald 0-0: Ball
Wild Pitch!
Nick Harris to second
1-0: Foul Ball, location: 2F
1-1: Ball
2-1: Foul Ball, location: 2F
2-2: Ground out 1-3 (Groundball, 15S)
Batting: SHB José Cruz 0-0: Foul Ball, location: 2F
0-1: Foul Ball, location: 2F
0-2: DOUBLE (Flyball, 8LXD)
Nick Harris scores
Batting: LHB Tony O'Bryan 0-0: Ball
1-0: Called Strike
1-1: Foul Ball, location: 2F
1-2: Strikes out looking
Batting: RHB Gavin Downey 0-0: Ball
1-0: Called Strike
1-1: Ball
2-1: Fly out, F9 (Flyball, 9M)
Top of the 1st over - 1 run(s), 2 hit(s), 0 error(s), 1 left on base; Springfield 1 - Reading 0
BOTTOM OF THE 1ST
Reading Rainbows batting - Pitching for Springfield Simpsons : RHP Rod Day
Pitching: RHP Rod Day
Batting: LHB Miguel Colón 0-0: Ball
1-0: Called Strike
1-1: Called Strike
1-2: Ball
2-2: DOUBLE (Line Drive, 7D)
Batting: LHB Alfonso Ruíz 0-0: Swinging Strike
0-1: Ball
1-1: Swinging Strike
1-2: Foul Ball, location: 2F
1-2: Foul Ball, location: 2F
1-2: Ball
2-2: Ball
3-2: Foul Ball, location: 2F
3-2: Strikes out swinging
Batting: RHB Dan Banks 0-0: Foul Ball, location: 2F
0-1: Ball
1-1: Foul Ball, location: 2F
1-2: Strikes out swinging
Batting: RHB Germano Labrego 0-0: Ball
1-0: Foul Ball, location: 2F
1-1: Foul Ball, location: 2F
1-2: Strikes out swinging
Bottom of the 1st over - 0 run(s), 1 hit(s), 0 error(s), 1 left on base; Springfield 1 - Reading 0
TOP OF THE 2ND
Springfield Simpsons batting - Pitching for Reading Rainbows : LHP Armando Rodríguez
Batting: RHB Manny Ramírez 0-0: Ball
1-0: Fly out, F7 (Flyball, 78S)
Batting: LHB Pedro Cerda 0-0: Ball
1-0: Ball
2-0: Called Strike
2-1: Foul Ball, location: 2F
2-2: Ball
3-2: SINGLE (Line Drive, 6MD)
Batting: RHB Esteban Salas 0-0: Called Strike
Pedro Cerda steals 2nd base
0-1: Swinging Strike
0-2: Ball
1-2: Ball
2-2: Foul Ball, location: 2F
2-2: Strikes out swinging
Batting: RHB Kawanari Hara 0-0: Ball
Wild Pitch!
Pedro Cerda to third
1-0: Called Strike
1-1: Foul Ball, location: 2F
1-2: Strikes out swinging
Top of the 2nd over - 0 run(s), 1 hit(s), 0 error(s), 1 left on base; Springfield 1 - Reading 0
BOTTOM OF THE 2ND
Reading Rainbows batting - Pitching for Springfield Simpsons : RHP Rod Day
Batting: RHB Albert Lutz 0-0: Ball
1-0: Ground out 6-3 (Groundball, 6)
Batting: RHB Von Ford 0-0: Ball
1-0: Ball
2-0: Swinging Strike
2-1: Foul Ball, location: 2F
2-2: Ball
3-2: Strikes out swinging
Batting: RHB Joe Land 0-0: Ball
1-0: Ball
2-0: Ball
3-0: Base on Balls
Batting: RHB Donald Sanford 0-0: Ball
1-0: Ball
2-0: Ball
3-0: Called Strike
3-1: Ground out 6-3 (Groundball, 6S)
Bottom of the 2nd over - 0 run(s), 0 hit(s), 0 error(s), 1 left on base; Springfield 1 - Reading 0
TOP OF THE 3RD
Springfield Simpsons batting - Pitching for Reading Rainbows : LHP Armando Rodríguez
Batting: RHB Nick Harris 0-0: Foul Ball, location: 2F
0-1: Ball
1-1: Ground out 6-3 (Groundball, 6M)
Batting: RHB Ken McDonald 0-0: Ball
1-0: Foul Ball, location: 2F
1-1: Ball
2-1: Called Strike
2-2: Ball
3-2: Foul Ball, location: 2F
3-2: Base on Balls
Batting: SHB José Cruz 0-0: Called Strike
0-1: Ball
1-1: Ball
2-1: Ball
3-1: Fly out, F5 (Line Drive, 5)
Batting: LHB Tony O'Bryan 0-0: Swinging Strike
0-1: Swinging Strike
0-2: Foul Ball, location: 2F
0-2: Ground out 3-1 (Groundball, 34)
Top of the 3rd over - 0 run(s), 0 hit(s), 0 error(s), 1 left on base; Springfield 1 - Reading 0
BOTTOM OF THE 3RD
Reading Rainbows batting - Pitching for Springfield Simpsons : RHP Rod Day
Batting: RHB Louis Smith 0-0: Called Strike
0-1: Called Strike
0-2: Ball
1-2: Strikes out swinging
Batting: LHB Miguel Colón 0-0: Ball
1-0: Foul Ball, location: 2F
1-1: Foul Ball, location: 2F
1-2: Foul Ball, location: 2F
1-2: Ball
2-2: Ball
3-2: Strikes out swinging
Batting: LHB Alfonso Ruíz 0-0: SINGLE (Flyball, 89S)
Batting: RHB Dan Banks 0-0: Ball
1-0: Foul Ball, location: 2F
1-1: Fly out, F5 (Popup, 25F)
Bottom of the 3rd over - 0 run(s), 1 hit(s), 0 error(s), 1 left on base; Springfield 1 - Reading 0
TOP OF THE 4TH
Springfield Simpsons batting - Pitching for Reading Rainbows : LHP Armando Rodríguez
Batting: RHB Gavin Downey 0-0: Ball
1-0: Fly out, F8 (Flyball, 8RD)
Batting: RHB Manny Ramírez 0-0: Ball
1-0: Foul Ball, location: 2F
1-1: Ground out 6-3 (Groundball, 6)
Batting: LHB Pedro Cerda 0-0: Foul Ball, location: 2F
0-1: Ball
1-1: Ball
2-1: Foul Ball, location: 2F
2-2: Ball
3-2: Foul Ball, location: 2F
3-2: Foul Ball, location: 2F
3-2: SINGLE (Groundball, 34)
Batting: RHB Esteban Salas 0-0: Ball
1-0: DOUBLE (Groundball, 5L)
Pedro Cerda to third
Batting: RHB Kawanari Hara 0-0: Ball
1-0: Called Strike
1-1: Foul Ball, location: 2F
1-2: Foul Ball, location: 2F
1-2: Ball
2-2: Strikes out swinging
Top of the 4th over - 0 run(s), 2 hit(s), 0 error(s), 2 left on base; Springfield 1 - Reading 0
BOTTOM OF THE 4TH
Reading Rainbows batting - Pitching for Springfield Simpsons : RHP Rod Day
Batting: RHB Germano Labrego 0-0: Ball
1-0: Ball
2-0: Ball
3-0: Foul Ball, location: 2F
3-1: Foul Ball, location: 2F
3-2: Foul Ball, location: 2F
3-2: Foul Ball, location: 2F
3-2: SINGLE (Groundball, 6D)
Batting: RHB Albert Lutz 0-0: Ball
1-0: Called Strike
1-1: Foul Ball, location: 2F
1-2: Foul Ball, location: 2F
1-2: Ball
2-2: SINGLE (Line Drive, 7S)
Germano Labrego to second
Batting: RHB Von Ford 0-0: Called Strike
0-1: Ball
1-1: Foul Ball, location: 2F
1-2: Foul Ball, location: 2F
1-2: Ball
2-2: Foul Ball, location: 2F
2-2: Ground out U3 (Groundball, 3S)
Germano Labrego to third
Albert Lutz to second
Batting: RHB Joe Land 0-0: Called Strike
0-1: Swinging Strike
0-2: Foul Ball, location: 2F
0-2: Ball
1-2: Ball
2-2: Strikes out swinging
Batting: RHB Donald Sanford 0-0: Ball
1-0: Fly out, F4 (Popup, 34)
Bottom of the 4th over - 0 run(s), 2 hit(s), 0 error(s), 2 left on base; Springfield 1 - Reading 0
TOP OF THE 5TH
Springfield Simpsons batting - Pitching for Reading Rainbows : LHP Armando Rodríguez
Batting: RHB Nick Harris 0-0: SINGLE (Groundball, 4MD) (infield hit)
Batting: RHB Ken McDonald 0-0: Ball
1-0: Foul Ball, location: 2F
1-1: Foul Ball, location: 2F
1-2: Ball
2-2: Grounds into double play, 5-4-3 (Groundball, 56)
Batting: SHB José Cruz 0-0: Swinging Strike
0-1: Ball
1-1: Swinging Strike
1-2: Ball
2-2: Ball
3-2: Strikes out swinging
Top of the 5th over - 0 run(s), 1 hit(s), 0 error(s), 0 left on base; Springfield 1 - Reading 0
BOTTOM OF THE 5TH
Reading Rainbows batting - Pitching for Springfield Simpsons : RHP Rod Day
Batting: RHB Louis Smith 0-0: Called Strike
0-1: Ball
1-1: Foul Ball, location: 2F
1-2: Fly out, F5 (Popup, 15)
Batting: LHB Miguel Colón 0-0: Ball
1-0: Ball
2-0: Called Strike
2-1: Ball
3-1: Called Strike
3-2: SINGLE (Line Drive, 8RS)
Batting: LHB Alfonso Ruíz 0-0: Ball
Miguel Colón steals 2nd base
1-0: Called Strike
1-1: Ball
2-1: Ball
3-1: Called Strike
3-2: Strikes out swinging
Pitching: LHP Rubén Rico
Batting: RHB Dan Banks 0-0: DOUBLE (Line Drive, 89XD)
Miguel Colón scores
Batting: RHB Germano Labrego 0-0: Called Strike
0-1: Foul Ball, location: 2F
0-2: Ball
1-2: Ball
2-2: Fly out, F9 (Flyball, 9LS)
Bottom of the 5th over - 1 run(s), 2 hit(s), 0 error(s), 1 left on base; Springfield 1 - Reading 1
TOP OF THE 6TH
Springfield Simpsons batting - Pitching for Reading Rainbows : LHP Armando Rodríguez
Batting: LHB Tony O'Bryan 0-0: Called Strike
0-1: Foul Ball, location: 2F
0-2: Foul Ball, location: 2F
0-2: Ball
1-2: Foul Ball, location: 2F
1-2: Ground out U3 (Groundball, 3S)
Batting: RHB Gavin Downey 0-0: Ball
1-0: Called Strike
1-1: Called Strike
1-2: Ball
2-2: Ground out 4-3 (Groundball, 4)
Batting: RHB Manny Ramírez 0-0: Ball
1-0: Foul Ball, location: 2F
1-1: Swinging Strike
1-2: Ball
2-2: Ground out 5-3 (Groundball, 56)
Top of the 6th over - 0 run(s), 0 hit(s), 0 error(s), 0 left on base; Springfield 1 - Reading 1
BOTTOM OF THE 6TH
Reading Rainbows batting - Pitching for Springfield Simpsons : LHP Rubén Rico
Batting: RHB Albert Lutz 0-0: Ground out 4-3 (Groundball, 4)
Batting: RHB Von Ford 0-0: Swinging Strike
0-1: Ball
1-1: Hit by Pitch
Batting: RHB Joe Land 0-0: Ball
Throwing error on steal attempt, E2
Von Ford to third
1-0: Called Strike
1-1: Ball
2-1: Swinging Strike
2-2: Strikes out looking
Batting: RHB Donald Sanford 0-0: Called Strike
0-1: Ball
1-1: Fly out, F6 (Line Drive, 6)
Bottom of the 6th over - 0 run(s), 0 hit(s), 1 error(s), 1 left on base; Springfield 1 - Reading 1
TOP OF THE 7TH
Springfield Simpsons batting - Pitching for Reading Rainbows : LHP Armando Rodríguez
Pitching: LHP Robby Hall
Batting: LHB Pedro Cerda 0-0: Ground out 4-3 (Groundball, 4)
Batting: RHB Esteban Salas 0-0: Ball
1-0: Ball
2-0: Ball
3-0: Called Strike
3-1: Called Strike
3-2: Foul Ball, location: 2F
3-2: Foul Ball, location: 2F
3-2: Strikes out looking
Batting: RHB Kawanari Hara 0-0: Ball
1-0: SINGLE (Line Drive, 56D)
Batting: RHB Nick Harris 0-0: Called Strike
0-1: Foul Ball, location: 2F
0-2: Ball
1-2: Ball
2-2: Fielders Choice at 2nd, 6-4 (Groundball, 6)
Top of the 7th over - 0 run(s), 1 hit(s), 0 error(s), 0 left on base; Springfield 1 - Reading 1
BOTTOM OF THE 7TH
Reading Rainbows batting - Pitching for Springfield Simpsons : LHP Rubén Rico
Batting: RHB Louis Smith 0-0: Swinging Strike
0-1: Ball
1-1: Ball
2-1: Ball
3-1: SINGLE (Line Drive, 56)
Batting: LHB Miguel Colón 0-0: Sac Bunt - play at second, runner OUT! 1-6
Pinch Hitting: RHB Kyle Hollingsworth 0-0: Swinging Strike
0-1: Ball
1-1: Ball
Miguel Colón is caught stealing 2nd base
2-1: Foul Ball, location: 2F
2-2: Ball
3-2: Foul Ball, location: 2F
3-2: DOUBLE (Line Drive, 7LM)
Batting: RHB Dan Banks 0-0: Called Strike
0-1: Ball
Wild Pitch!
Kyle Hollingsworth to third
1-1: Swinging Strike
1-2: Foul Ball, location: 2F
1-2: Ball
2-2: Ball
3-2: DOUBLE (Flyball, 78XD)
Kyle Hollingsworth scores
Batting: RHB Germano Labrego 0-0: Foul Ball, location: 2F
0-1: Ball
1-1: Fly out, F8 (Flyball, 8LD)
Bottom of the 7th over - 1 run(s), 3 hit(s), 0 error(s), 1 left on base; Springfield 1 - Reading 2
TOP OF THE 8TH
Springfield Simpsons batting - Pitching for Reading Rainbows : LHP Robby Hall
Pitching: LHP Beau Montgomery
Now at SS: Kyle Hollingsworth
Batting: RHB Ken McDonald 0-0: Ground out 6-3 (Groundball, 6)
Batting: SHB José Cruz 0-0: Called Strike
0-1: Swinging Strike
0-2: Ball
1-2: Ball
2-2: Fly out, F4 (Popup, 4)
Batting: LHB Tony O'Bryan 0-0: Ball
1-0: Ball
2-0: Foul Ball, location: 2F
2-1: Foul Ball, location: 2F
2-2: Foul Ball, location: 2F
2-2: Foul Ball, location: 2F
2-2: DOUBLE (Line Drive, 9LD)
Pitching: RHP Chris Lee
Batting: RHB Gavin Downey 0-0: Ball
1-0: Foul Ball, location: 2F
1-1: Foul Ball, location: 2F
1-2: Strikes out looking
Top of the 8th over - 0 run(s), 1 hit(s), 0 error(s), 1 left on base; Springfield 1 - Reading 2
BOTTOM OF THE 8TH
Reading Rainbows batting - Pitching for Springfield Simpsons : LHP Rubén Rico
Pitching: RHP Ryan Klein
Batting: RHB Albert Lutz 0-0: Called Strike
0-1: Ball
1-1: Foul Ball, location: 2F
1-2: Ball
2-2: Ball
3-2: Ground out 6-3 (Groundball, 6)
Batting: RHB Von Ford 0-0: Called Strike
0-1: Ball
1-1: Ball
2-1: Ball
3-1: Base on Balls
Pinch Hitting: LHB Shane Lynch 0-0: Foul Ball, location: 2F
0-1: Ball
1-1: Ball
2-1: Called Strike
2-2: Foul Ball, location: 2F
2-2: Foul Ball, location: 2F
2-2: Ball
3-2: Foul Ball, location: 2F
3-2: Base on Balls
Von Ford to second
Pinch Hitting: LHB Richard Henry 0-0: Called Strike
0-1: Called Strike
0-2: Strikes out swinging
Batting: RHB Louis Smith 0-0: Called Strike
0-1: Ball
1-1: Foul Ball, location: 2F
1-2: Foul Ball, location: 2F
1-2: Fly out, F9 (Flyball, 9LS)
Bottom of the 8th over - 0 run(s), 0 hit(s), 0 error(s), 2 left on base; Springfield 1 - Reading 2
TOP OF THE 9TH
Springfield Simpsons batting - Pitching for Reading Rainbows : RHP Chris Lee
Pitching: LHP Don Carter
Now at 3B: Tim Davis
Now in LF: Shane Lynch
Batting: RHB Manny Ramírez 0-0: Ball
1-0: Foul Ball, location: 2F
1-1: SINGLE (Groundball, 56D)
Batting: LHB Pedro Cerda 0-0: Ball
1-0: Sac Bunt - play at first, batter OUT! 5-4
Manny Ramírez to second
Batting: RHB Esteban Salas 0-0: Swinging Strike
0-1: Ball
1-1: DOUBLE (Line Drive, 7D)
Manny Ramírez scores
Pinch Hitting: SHB Kevin Vickers 0-0: Called Strike
0-1: Fly out, F8 (Line Drive, 8LM)
Batting: RHB Nick Harris 0-0: Ball
1-0: Called Strike
1-1: Ball
2-1: TRIPLE (Flyball, 89M)
Esteban Salas scores
Batting: RHB Ken McDonald 0-0: 2-RUN HOME RUN (Flyball, 78XD), Distance : 394 ft
Pitching: LHP Robert Trent
Batting: SHB José Cruz 0-0: Ball
1-0: Swinging Strike
1-1: Ball
2-1: Reached on error, E4 (Groundball, 4)
Batting: LHB Tony O'Bryan 0-0: Ball
1-0: Called Strike
1-1: Swinging Strike
1-2: Strikes out swinging
Top of the 9th over - 4 run(s), 4 hit(s), 1 error(s), 1 left on base; Springfield 5 - Reading 2
BOTTOM OF THE 9TH
Reading Rainbows batting - Pitching for Springfield Simpsons : RHP Ryan Klein
Pitching: RHP Steve Snyder
Now at C: Jeff Lloyd
Batting: LHB Miguel Colón 0-0: Ball
1-0: Bunt missed!
1-1: TRIPLE (Flyball, 7LM)
Batting: RHB Kyle Hollingsworth 0-0: Ball
1-0: Ball
2-0: Ground out 6-3 (Groundball, 6)
Miguel Colón scores
Batting: RHB Dan Banks 0-0: Called Strike
0-1: Ball
1-1: Called Strike
1-2: Foul Ball, location: 2F
1-2: Ground out 6-3 (Groundball, 6M)
Batting: RHB Germano Labrego 0-0: Called Strike
0-1: Fly out, F8 (Flyball, 8LD)
Bottom of the 9th over - 1 run(s), 1 hit(s), 0 error(s), 0 left on base; Springfield 5 - Reading 3
Monday, December 5th, 2016 - OOTP Baseball 17.12 Build 75